 Dungeon Crawl Stone Soup version 0.27-a0-1189-gb8eb6cee8e (webtiles) character file.

Game seed: 10338171833349019609

685 Delamore the Cudgeller (level 7, -9/44 HPs)
             Began as a Gargoyle Fighter on May 23, 2021.
             Mangled by a mummy (11 damage)
             ... in an ossuary.
             The game lasted 00:06:23 (6454 turns).

Delamore the Cudgeller (Gargoyle Fighter)           Turns: 6454, Time: 00:06:24

Health: -9/44      AC: 12    Str: 22    XL:     7   Next: 62%
Magic:  7/7        EV:  7    Int:  8    God:
Gold:   171        SH: 10    Dex:  9    Spells: 6/6 levels left

rFire    + . .     SeeInvis .   e - +0 mace (drain)
rCold    . . .     Faith    .   c - +0 kite shield
rNeg     + . .     Spirit   .   b - +0 scale mail
rPois    ∞         Reflect  .   (no helmet)
rElec    +         Harm     .   (no cloak)
rCorr    .         Rampage  .   l - +0 pair of gloves
Will     .....                  (no boots)
Stlth    ..........             (no amulet)
HPRegen  0.14/turn              f - ring of protection from fire
MPRegen  0.10/turn              (no ring)

@: mighty, brilliant
A: sickness immunity, AC +4, negative energy resistance 1, electricity
resistance, torment resistance 1, petrification resistance
a: no special abilities


You were in an ossuary.
You visited 1 branch of the dungeon, and saw 4 of its levels.
You also visited: Ossuary.

You collected 204 gold pieces.
You spent 33 gold pieces at shops.

Inventory:

Hand Weapons
 a - a +0 flail
 e - a +0 mace of draining (weapon)
Armour
 b - a +0 scale mail (worn)
 c - a +0 kite shield (worn)
 l - a +0 pair of gloves (worn)
Jewellery
 f - a ring of protection from fire (left hand)
Scrolls
 g - a scroll of noise
 i - a scroll of holy word
 j - 3 scrolls of teleportation
 p - a scroll of summoning {unknown}
Potions
 d - a potion of might
 h - a potion of lignification
 k - a potion of degeneration
 m - a potion of mutation
 n - a potion of brilliance
 o - a potion of haste {unknown}


   Skills:
 - Level 5.0 Fighting
 + Level 6.7 Maces & Flails
 - Level 3.2 Armour
 - Level 5.0 Shields


You had 6 spell levels left.
You didn't know any spells.
Your spell library was empty.

Dungeon Overview and Level Annotations

Branches:
Dungeon (4/15)            Ossuary (1/1)
 Temple: D:4-7

Altars:
Elyvilon
Gozag

Shops:
D:1 *


Innate Abilities, Weirdness & Mutations

You are immune to sickness and miasma.
Your stone body is resilient. (AC +4)
You are immune to poison.
You resist negative energy. (rN+)
You are resistant to electric shocks. (rElec)
You are resistant to unholy torment.
You are immune to petrification.


Message History

The mummy hits you.
You sock the mummy!
The mummy is almost destroyed.
The mummy hits you but does no damage. You block the mummy's attack.
Your shield prevents you from hitting the mummy.
The mummy is almost destroyed.
You block the mummy's attack. x2
You hit the mummy.
You destroy the mummy!
You barely miss the mummy. You hit the mummy but do no damage.
The mummy barely misses you.
You hit the mummy but do no damage. The mummy hits you.
You block the mummy's attack.
You hit the mummy.
The mummy is lightly damaged.
You hit the mummy.
The mummy is lightly damaged.
The mummy hits you. The mummy completely misses you.
There is an open door here.
You close the door.
You start resting.
A mummy opens the door.
The mummy hits you!
* * * LOW HITPOINT WARNING * * *
There is an open door here.
It was a potion of brilliance.
You feel clever all of a sudden.
You feel very mighty all of a sudden. You block the mummy's attack.
You bludgeon the mummy!!
You destroy the mummy!
The mummy hits you but does no damage.
You hit the mummy.
The mummy is moderately damaged.
The mummy hits you!
* * * LOW HITPOINT WARNING * * *
You hit the mummy.
The mummy is heavily damaged.
The mummy hits you!
You die... #..'.#....#..??$??.. #..########..!$∩$!.. #..#.'....#..!M$!?. #..#.#....#...?M!. #..'.#....# ..... #..###....# MM.

#..#.#########'#####
#..#.#....#....#....
#.M@.#....#....#....
#..###....#....#....
#..#.#....#....#....
#..#.####'####'##'##
#..#...#...#...#...#
#..###'###'###'###'#
#.......M...M.......
#∩......M...........
####################


You could see a mummy.

Vanquished Creatures
  2 elf zombies (Ossuary)
  2 scorpions
  2 troll zombies (Ossuary)
  A centaur zombie (Ossuary)
  A human zombie (Ossuary)
  A hound (D:1)
  2 ogre zombies (Ossuary)
  4 mummies (Ossuary)
  5 adders
  4 adder zombies (Ossuary)
  3 worms
  4 dart slugs
  An orc (D:4)
  9 ball pythons
  4 bats
  4 endoplasms
  5 giant cockroaches
  A gnoll zombie (Ossuary)
  3 goblins
  10 hobgoblins
  6 jackals
  3 quokkas
  4 frilled lizards
  5 goblin zombies (Ossuary)
  3 hobgoblin zombies (Ossuary)
  8 kobolds
  3 kobold zombies (Ossuary)
  A quokka zombie (Ossuary)
  4 rats
  5 rat zombies (Ossuary)
110 creatures vanquished.

Notes
Turn   | Place    | Note
-------+----------+-------------------------------------------
     0 | D:1      | Delamore the Gargoyle Fighter began the quest for the Orb.
     0 | D:1      | Reached XP level 1. HP: 14/14 MP: 1/1
   348 | D:1      | Reached XP level 2. HP: 7/19 MP: 2/2
   793 | D:1      | Found Kickes's General Store.
  1371 | D:1      | Reached XP level 3. HP: 24/24 MP: 3/3
  1431 | D:1      | Found a faded altar of an unknown god.
  1619 | D:1      | Bought a scroll of teleportation for 33 gold pieces
  1994 | D:2      | Found a white marble altar of Elyvilon.
  2197 | D:2      | Reached XP level 4. HP: 29/29 MP: 4/4
  2353 | D:2      | Noticed a scorpion
  2376 | D:1      | Reached skill level 3 in Maces & Flails
  2419 | D:2      | Killed a scorpion
  2420 | D:2      | Reached XP level 5. HP: 6/34 MP: 5/5
  3493 | D:3      | Found an opulent altar of Gozag.
  4146 | D:4      | Reached skill level 5 in Fighting
  4146 | D:4      | Reached skill level 4 in Maces & Flails
  4146 | D:4      | Reached skill level 5 in Shields
  4146 | D:4      | Reached XP level 6. HP: 38/40 MP: 6/6
  4178 | D:4      | Found a sand-covered staircase.
  4232 | Ossuary  | Entered an ossuary
  4464 | Ossuary  | Reached skill level 5 in Maces & Flails
  4788 | Ossuary  | Reached XP level 7. HP: 33/44 MP: 7/7
  5574 | Ossuary  | Reached skill level 6 in Maces & Flails
  6453 | Ossuary  | HP: 2/44 [mummy (9)]
  6454 | Ossuary  | Mangled by a mummy

Illustrated notes

Levels and vault maps discovered:
D:1:      matt_arrival_grand_opening, layout_loops_ring,
          chequers_ecumenical_altar_lobes, serial_shops, shop,
          minmay_misc_feat_chi
D:2:      layout_loops_corners, basic_altar
D:3:      layout_loops_corners, grunt_gozag_statues, kennysheep_generic_room_2
D:4:      layout_basic, nicolae_ossuary_entry_false_entrances,
          minmay_shop_enchanted_jewellery, uniq_robin
Ossuary:  ossuary_boxes_badplayer

Skill      XL: |  1  2  3  4  5  6  7 |
---------------+----------------------+-----
Fighting       | 4 5 |  5.0
Shields        | 4 5 |  5.0
Maces & Flails | 3 4 5 6 |  6.7
Armour         | |  3.2

Action                   |  1- 3 |  4- 6 |  7- 9 || total
-------------------------+-------+-------+-------++-------
Melee: Flail             |   157 |    84 |       ||   241
       Mace              |       |   159 |   127 ||   286
  Use: Scroll            |     3 |     3 |       ||     6
       Potion            |       |       |     2 ||     2
Armor: Scale mail        |   103 |   107 |    58 ||   268
Dodge: Dodged            |    38 |    79 |    25 ||   142
Block: Kite shield       |    81 |   125 |    59 ||   265

Table legend: (Time is in decaauts)
 A = Elapsed time spent in this place.
 B = Non-inter-level travel time spent in this place.
 C = Inter-level travel time spent in this place.
 D = Time resting spent in this place.
 E = Time spent auto-exploring this place.
 F = Levels seen in this place.
 G = Mean time per level.
                   A        B        C        D        E       F      G
               +--------+--------+--------+--------+--------+-----+--------+
         Total |   6670 |   6501 |    169 |   1846 |   3307 |   5 | 1334.0 |
       Dungeon |   4370 |   4201 |    169 |    633 |   2842 |   4 | 1092.5 |
       Ossuary |   2300 |   2300 |      0 |   1213 |    465 |   1 | 2300.0 |
               +--------+--------+--------+--------+--------+-----+--------+

Top non-repeatable levels by time:
 Ossuary: 2300 daAuts
     D:1: 1641 daAuts
     D:2: 1561 daAuts
     D:3: 960 daAuts
     D:4: 206 daAuts
